 Dungeon Crawl Stone Soup version 0.29-a0-409-gd843f3a48c (webtiles) character file.

Game seed: 6500804278526056905

440 porpoise the Chopper (level 6, -4/54 HPs)
             Began as a Palentonga Fighter on May 14, 2022.
             Slain by Pikel
             ... wielding a +1 whip of flaming
              (6 damage)
             ... on level 3 of the Dungeon.
             The game lasted 00:12:50 (4642 turns).

porpoise the Chopper (Palentonga Fighter)           Turns: 4642, Time: 00:12:51

Health: -4/54      AC:  6    Str: 21    XL:     6   Next: 70%
Magic:  6/6        EV:  7    Int:  9    God:
Gold:   187        SH:  4    Dex:  9    Spells: 5/5 levels left

rFire   . . .      SeeInvis +   a - +0 war axe
rCold   . . .      Faith    .   c - +0 buckler
rNeg    . . .      Spirit   .   t - +0 scale mail
rPois   .          Reflect  .   (helmet restricted)
rElec   .          Harm     .   (no cloak)
rCorr   .          Rampage  .   (no gloves)
Will    .....                   (no barding)
Stlth   ..........              (no amulet)
HPRegen 0.18/turn               (no ring)
MPRegen 0.10/turn               (no ring)

@: no status effects
A: large, rugged brown scales 3, see invisible, deformed body, roll 1, armoured
tail, antennae 1
a: Rolling Charge


You were on level 3 of the Dungeon.
You visited 1 branch of the dungeon, and saw 4 of its levels.
You also visited: Sewer.

You collected 187 gold pieces.

Inventory:

Hand Weapons
 a - a +0 war axe (weapon)
 b - a +0 hunting sling
 k - a +2 short sword of flaming
 n - a +0 vorpal spear
Missiles
 p - 8 poisoned darts
Armour
 c - a +0 buckler (worn)
 t - a +0 scale mail (worn)
Jewellery
 i - an amulet of guardian spirit
Scrolls
 e - 4 scrolls of teleportation {unknown}
 f - 3 scrolls of summoning {unknown}
 g - 2 scrolls of magic mapping
 h - a scroll of noise {unknown}
 j - a scroll of poison {unknown}
 l - 6 scrolls of identify {unknown}
 r - 2 scrolls of fear {unknown}
 v - a scroll of amnesia {unknown}
Potions
 d - a potion of might
 m - a potion of experience {unknown}
 o - a potion of brilliance {unknown}
 q - 2 potions of invisibility {unknown}
 s - 2 potions of mutation
 u - a potion of heal wounds {unknown}


   Skills:
 + Level 5.0 Fighting
 * Level 6.0 Axes
 - Level 2.4 Armour
 - Level 2.6 Shields


You had 5 spell levels left.
You didn't know any spells.
Your spell library contained the following spells:

 Spells                   Type           Power      Damage    Failure   Level
 Summon Small Mammal      Summ           0%         N/A       80%         1
 Call Canine Familiar     Summ           0%         N/A       99%         3
 Summon Guardian Golem    Hex/Summ       0%         N/A       99%         3


Dungeon Overview and Level Annotations

Branches:
Dungeon (4/15)              Sewer (visited)
 Temple: D:4-7

Altars:
Wu Jian

Shops:
D:2 *==[

Annotations:
D:3 Pikel


Innate Abilities, Weirdness & Mutations

You are completely covered in rugged brown scales. (AC +3, +7% HP)
You have supernaturally acute eyesight. (SInv)
Armour fits poorly on your strangely shaped body.
You can roll at nearby foes to attack.
You have a long armoured tail.
You have a pair of small antennae on your head.


Message History

You climb upwards.
There is a stone staircase leading down, spattered with blood here.
You barely miss Pikel. You hit the lemure. The lemure completely misses you.
Pikel hits you with a +1 whip of flaming.
Pikel burns you.
You slash Pikel! You tail-slap Pikel, but do no damage.
Pikel is moderately wounded.
You hit the lemure. The lemure hits you. Pikel hits you but does no damage.
You closely miss Pikel.
Your tail-slap misses Pikel.
Pikel is moderately wounded.
You hit the lemure. The lemure hits you. You block Pikel's attack.
The lemure hits you but does no damage. Pikel closely misses you.
You barely miss Pikel.
Your tail-slap misses Pikel.
Pikel is moderately wounded.
You barely miss the lemure. The lemure hits you but does no damage.
You block Pikel's attack.
You closely miss Pikel.
Your tail-slap misses Pikel.
Pikel is moderately wounded.
You hit the lemure. The lemure hits you but does no damage.
Pikel hits you with a +1 whip of flaming.
Pikel burns you.
You barely miss Pikel.
Pikel is moderately wounded.
You slash the lemure! The lemure barely misses you.
Pikel hits you with a +1 whip of flaming!
Pikel burns you.
* * * LOW HITPOINT WARNING * * *
You hit Pikel.
Your tail-slap misses Pikel.
Pikel is moderately wounded.
You slash the lemure!
You kill the lemure!
That felt strangely unrewarding.
Pikel closely misses you.
Pikel hits you with a +1 whip of flaming!
* * * LOW HITPOINT WARNING * * *
Pikel burns you.
* * * LOW HITPOINT WARNING * * *
It was a potion of mutation.
You feel extremely strange. A pair of antennae grows on your head!
Pikel hits you with a +1 whip of flaming.
You die...

#....####.........####...##.###.
#...## ##.......## ##.###.# ##
##.## ##.....## #####.# #.#
##...## #.....# #.# ##'##
#.##### #.# #.# #.# #.# #.# #.#
#.# ##.#########.# #.#
##...@K.....#.#
#.########.....#####.#.#
#.......###..........#.#
#######.# ##...#####.#.#
#.#####..<.......#
#...........##.###
########.......# #########


You could see Pikel.

Vanquished Creatures
  An ogre (D:4)
  3 lemures (D:3)
  A kobold brigand (Sewer)
  A necrophage (D:2)
  An orc priest (D:3)
  A hound (D:4)
  4 adders
  3 river rats (Sewer)
  A white imp (D:4)
  2 worms (D:2)
  3 dart slugs (D:1)
  3 orcs (D:3)
  7 endoplasms
  5 giant cockroaches
  4 hobgoblins
  8 jackals
  9 kobolds
  8 quokkas
  8 ball pythons
  4 bats
  7 frilled lizards
  3 goblins
  5 rats
92 creatures vanquished.

Notes
Turn   | Place    | Note
-------+----------+-------------------------------------------
     0 | D:1      | porpoise the Palentonga Fighter began the quest for the
                  | Orb.
     0 | D:1      | Reached XP level 1. HP: 19/19 MP: 1/1
   306 | D:1      | Reached XP level 2. HP: 20/25 MP: 2/2
   512 | D:1      | Reached skill level 3 in Axes
   952 | D:1      | Reached XP level 3. HP: 31/31 MP: 3/3
   984 | D:1      | Found a faded altar of an unknown god.
  1317 | D:2      | Noticed a necrophage
  1567 | D:2      | Found Ybadas's Jewellery Shop.
  1590 | D:2      | Found Vitutoj's Antique Armour Shop.
  1889 | D:2      | Killed a necrophage
  1890 | D:2      | Reached skill level 4 in Axes
  1890 | D:2      | Reached XP level 4. HP: 36/39 MP: 4/4
  2378 | D:2      | Found Jes Vaerr's General Store.
  2392 | D:2      | Found Fuzanad's Jewellery Boutique.
  2500 | D:3      | Reached XP level 5. HP: 40/44 MP: 5/5
  2673 | D:3      | Found a glowing drain.
  2677 | Sewer    | Entered a sewer
  2724 | Sewer    | Reached skill level 5 in Axes
  2865 | Sewer    | Reached XP level 6. HP: 35/52 MP: 6/6
  3705 | D:3      | Found an ornate altar of the Wu Jian Council.
  4136 | D:4      | Noticed an ice beast
  4140 | D:4      | Noticed an orc warrior
  4303 | D:4      | Reached skill level 5 in Fighting
  4303 | D:4      | Reached skill level 6 in Axes
  4510 | D:4      | Noticed Pikel
  4641 | D:3      | HP: 2/54 [Pikel/+1 whip of flaming (3)]
  4642 | D:3      | Gained mutation: You have a pair of small antennae on your
                  | head. [potion of mutation]
  4642 | D:3      | Slain by Pikel

Illustrated notes

Levels and vault maps discovered:
D:1:      minmay_arrival_doors, layout_loops_cross,
          shapermc_ecumenical_altar_starsandcircs,
          wander_ebering_terrifying_dragon_lair
D:2:      layout_basic, serial_shops, nicolae_shop_waterfront, shop, shop,
          nicolae_shop_stone
D:3:      layout_loops_corners, lemuel_crystal_altar, gup_sewer_entry_bowl,
          chequers_serial_rivers_micro_d
D:4:      layout_loops_corners, nzn_overflow_gifts_of_might_and_magic,
          nicolae_elevator_lobby_asterisk, uniq_pikel

Skill      XL: |  1  2  3  4  5  6 |
---------------+-------------------+-----
Axes           | 3 4 5 6 |  6.0
Fighting       | 4 5 |  5.0
Armour         | |  2.4
Shields        | |  2.6

Action                   |  1- 3 |  4- 6 || total
-------------------------+-------+-------++-------
Melee: War axe           |    95 |   170 ||   265
       Tailslap          |     4 |    21 ||    25
 Fire: Hunting sling     |       |    19 ||    19
 Abil: Rolling Charge    |     5 |     7 ||    12
  Use: Scroll            |       |     1 ||     1
       Potion            |       |     1 ||     1
Armor: Scale mail        |    58 |    88 ||   146
Dodge: Dodged            |    37 |    60 ||    97
Block: Buckler           |    14 |    21 ||    35

Table legend: (Time is in decaauts)
 A = Elapsed time spent in this place.
 B = Non-inter-level travel time spent in this place.
 C = Inter-level travel time spent in this place.
 D = Time resting spent in this place.
 E = Time spent auto-exploring this place.
 F = Levels seen in this place.
 G = Mean time per level.
                   A        B        C        D        E       F      G
               +--------+--------+--------+--------+--------+-----+--------+
         Total |   4813 |   4683 |    130 |   1678 |   2036 |   5 |  962.6 |
       Dungeon |   4091 |   3961 |    130 |   1363 |   1796 |   4 | 1022.8 |
         Sewer |    722 |    722 |      0 |    315 |    239 |   1 |  722.0 |
               +--------+--------+--------+--------+--------+-----+--------+

Top non-repeatable levels by time:
     D:1: 1492 daAuts
     D:3: 1239 daAuts
     D:2: 1041 daAuts
   Sewer: 722 daAuts
     D:4: 318 daAuts
